Map: Ley Lines

Players

Vaisravana - Winner!

  • Race: Zerg Zerg
  • Spawn Location: 7:00

A.I. 2 (Very Easy)

  • Race: Protoss Protoss
  • Spawn Location: 1:00

VOD

Have the link to the VOD?

Description

Time

  • Played on: May 9, 2025, 1:04 p.m.
  • Length: 5:45
Show
View Real Time Build Order
Export as new Build Order

Vaisravana Zerg - Winner!

Build Orders: Pool First 

Get SALT Encoding   

  12  0:00  Drone  
  13  0:12  Overlord  
  13  0:17  Drone  
  14  0:30  Drone x2  
  16  0:41  Spawning Pool  
  15  0:44  Drone  
  15  0:48  Drone  
  17  1:09  Hatchery  
  16  1:12  Drone  
  16  1:15  Extractor  
  16  1:28  Zergling x6  
  19  1:34  Queen  
  21  1:40  Drone  
  22  1:51  Overlord  
  22  2:11  Queen, Drone  
  22  2:14  Drone  
  26  2:18  Metabolic Boost  
  26  2:22  Drone  
  27  2:26  Drone  
  28  2:37  Baneling Nest  
  27  2:49  Drone  
  27  2:50  Drone, Zergling x2  
  27  2:51  Zergling x6  
  33  2:55  Zergling x4  
  35  3:04  Overlord  
  35  3:09  Zergling x2  
  36  3:22  Zergling x12  
  36  3:25  Baneling x3  
  36  3:27  Baneling  
  42  3:28  Baneling  
  42  3:31  Baneling  
  42  3:35  Zergling x2  
  42  3:36  Zergling x2  
  42  3:40  Overlord  
  40  4:06  Zergling x18  
Show
View Real Time Build Order
Export as new Build Order

A.I. 2 (Very Easy) Protoss 

Build Orders:  

Get SALT Encoding   

  12  0:00  Probe  
  13  0:13  Probe  
  14  0:19  Pylon  
  14  0:37  Assimilator  
  14  0:42  Gateway  
  14  0:45  Pylon  
  14  1:12  Assimilator  
  14  1:17  Probe  
  14  1:25  Probe  
  15  1:31  Cybernetics Core  
  16  1:33  Probe  
  17  1:44  Probe  
  18  1:55  Probe  
  18  1:57  Warp Gate  
  19  2:03  Probe  
  19  2:04  Stalker  
  21  3:48  Stalker  
  21  3:49  Probe  
  21  3:50  Pylon  
  17  4:01  Probe  
Tags
 
Matchup
PvZ
Opening
Pool First
Spawn Locations
Cross Positions
Add a new tag
Caveats
  • Supply blocks, unpowered buildings, or Contaminate may cause inaccurate times.
  • Supply counts are checked every 10 seconds.